 Dungeon Crawl Stone Soup version 0.26-a0-540-g8a0c9464d7 (webtiles) character file.

Game seed: 11530058613424943126

414 kobby the Shield-Bearer (level 7, -14/53 HPs)
             Began as a Human Fighter on Aug 23, 2020.
             Demolished by an ogre
             ... wielding a +0 giant club
              (23 damage)
             ... on level 7 of the Dungeon.
             The game lasted 00:05:37 (2579 turns).

kobby the Shield-Bearer (Human Fighter)             Turns: 2579, Time: 00:05:38

Health: -14/53     AC: 10    Str: 22    XL:     7   Next: 14%
Magic:  7/7        EV:  8    Int:  9    God:
Gold:   102        SH: 10    Dex: 14    Spells: 6/6 levels left

rFire    . . .     SeeInvis +   a - +1 long sword
rCold    . . .     Faith    .   c - +0 kite shield
rNeg     . . .     Spirit   .   b - +0 scale mail
rPois    .         Reflect  .   i - +2 hat
rElec    .         Harm     .   (no cloak)
rCorr    .                      e - +0 pair of gloves
MR       .....                  (no boots)
Stlth    ..........             (no amulet)
HPRegen  0.17/turn              q - ring of see invisible
MPRegen  0.10/turn              f - +6 ring of strength

@: no status effects
A: no striking features
a: no special abilities


You were on level 7 of the Dungeon.
You visited 1 branch of the dungeon, and saw 5 of its levels.

You collected 102 gold pieces.

Inventory:

Hand Weapons
 a - a +1 long sword (weapon)
Armour
 b - a +0 scale mail (worn)
 c - a +0 kite shield (worn)
 e - a +0 pair of gloves (worn)
 i - a +2 hat (worn)
Jewellery
 f - a +6 ring of strength (right hand)
 j - a cursed amulet of inaccuracy
 q - a ring of see invisible (left hand)
 r - an uncursed ring of protection from fire {unknown}
Scrolls
 m - 3 scrolls of remove curse
 n - 3 scrolls of identify
 o - a scroll of enchant armour {unknown}
 p - 3 scrolls of teleportation {unknown}
Potions
 d - a potion of might
 g - a potion of mutation {unknown}
 h - 4 potions of curing {unknown}
 k - 2 potions of lignification {unknown}
 l - 2 potions of berserk rage {unknown}


   Skills:
 + Level 3.7 Fighting
 + Level 4.6 Long Blades
 + Level 4.0 Armour
 + Level 1.4 Dodging
 + Level 0.5 Stealth
 + Level 4.6 Shields


You had 6 spell levels left.
You didn't know any spells.
Your spell library was empty.

Dungeon Overview and Level Annotations

Branches:
Dungeon (4/15)
 Temple: D:4-7

Altars:
Qazlal
Trog
Vehumet

Shops:
D:7 (


Message History

As you open the door, it creaks loudly!
There is an open door here.
Found an escape hatch in the ceiling.
There is an escape hatch in the ceiling here.
An ogre comes into view. It is wielding a +0 giant club.
The ogre shouts!
A shadow imp comes into view.
The ogre hits you with a +0 giant club!!
The shadow imp shouts!
You hit the ogre.
The ogre is lightly wounded.
You block the ogre's attack.
You hit the ogre but do no damage.
The ogre is lightly wounded.
The ogre hits you with a +0 giant club!!
* * * LOW HITPOINT WARNING * * *
You hit the ogre.
The ogre is moderately wounded.
The ogre hits you with a +0 giant club!!
You die...

. #..#.# . ##..#.##### #
#. #.........# ##.##.
#.....###.#
......########.....##...
#.................##...
#.##...##.#<#....###...
#...##.##.#.#....# #...
#.# #@##.#.###### #### #
#.O##.#.# #.....
.........# #.....
....5...#..# ......
.......##.#..# ......
#...... .....# ......
#...... ##. ..###.
#...... .. ## #.


You could see an ogre and a shadow imp.

Vanquished Creatures
  2 centaurs (D:7)
  A water moccasin skeleton (D:4)
  A hound (D:4)
  A centaur skeleton (D:7)
  A worker ant (D:7)
  3 adders
  A white imp (D:7)
  2 oozes
  A worm (D:3)
  4 dart slugs
  5 leopard geckos
  An orc (D:3)
  3 giant cockroaches
  8 goblins
  7 hobgoblins
  12 kobolds
  3 quokkas
  2 ball pythons
  7 bats
  6 frilled lizards
  11 rats
82 creatures vanquished.

Vanquished Creatures (others)
  A bat (D:3)
1 creature vanquished.

Grand Total: 83 creatures vanquished

Notes
Turn   | Place    | Note
-------+----------+-------------------------------------------
     0 | D:1      | kobby the Human Fighter began the quest for the Orb.
     0 | D:1      | Reached XP level 1. HP: 18/18 MP: 1/1
   112 | D:1      | Reached XP level 2. HP: 24/24 MP: 2/2
   445 | D:1      | Reached XP level 3. HP: 29/29 MP: 3/3
  1138 | D:2      | Reached XP level 4. HP: 32/35 MP: 4/4
  1564 | D:2      | Found a bloodstained altar of Trog.
  1689 | D:3      | Found a radiant altar of Vehumet.
  1801 | D:3      | Reached XP level 5. HP: 33/41 MP: 5/5
  2006 | D:3      | Found a stormy altar of Qazlal.
  2381 | D:4      | Reached skill level 1 in Dodging
  2381 | D:4      | Reached XP level 6. HP: 42/47 MP: 6/6
  2424 | D:4      | You fall into a shaft and drop 3 floors!
  2468 | D:7      | Reached XP level 7. HP: 47/53 MP: 7/7
  2505 | D:7      | Found Mivi's Antique Weapon Emporium.
  2579 | D:7      | Demolished by an ogre

Illustrated notes

Levels and vault maps discovered:
D:1:      onia_arrival_pentagram, layout_loops_ring, serial_bayou_ford_a,
          minmay_close_crescents
D:2:      minmay_general_purpose_star, layout_rooms, lightli_temple_of_fire
D:3:      layout_loops_ring, lemuel_crystal_altar, fiery_altar_vehumet
D:4:      layout_rooms, yredelemnul_forgotten_temple_becter, enter_ossuary_1,
          gup_sewer_entry_pipe
D:7:      layout_basic, nicolae_gozag_seed_capital,
          nicolae_overflow_hidden_temple, serial_shops, shop, kennysheep_boxes

Skill      XL: |  1  2  3  4  5  6 |
---------------+-------------------+-----
Long Blades    | 3 4 |  4.6
Shields        | 4 |  4.6
Dodging        | 1 |  1.4
Armour         | 4 |  4.0
Fighting       | |  3.7
Stealth        | |  0.5

Action                   |  1- 3 |  4- 6 |  7- 9 || total
-------------------------+-------+-------+-------++-------
Melee: Long sword        |   125 |   154 |     5 ||   284
  Use: Scroll            |       |     8 |       ||     8
Armor: Scale mail        |    70 |    78 |     1 ||   149
Dodge: Dodged            |    48 |    45 |       ||    93
Block: Kite shield       |    75 |   107 |     1 ||   183
       Rpst.: Long sword |    12 |    14 |       ||    26

Table legend: (Time is in decaauts)
 A = Elapsed time spent in this place.
 B = Non-inter-level travel time spent in this place.
 C = Inter-level travel time spent in this place.
 D = Time resting spent in this place.
 E = Time spent auto-exploring this place.
 F = Levels seen in this place.
 G = Mean time per level.
                   A        B        C        D        E       F      G
               +--------+--------+--------+--------+--------+-----+--------+
         Total |   2681 |   2681 |      0 |      0 |   1868 |   5 |  536.2 |
       Dungeon |   2681 |   2681 |      0 |      0 |   1868 |   5 |  536.2 |
               +--------+--------+--------+--------+--------+-----+--------+

Top non-repeatable levels by time:
     D:1: 994 daAuts
     D:3: 722 daAuts
     D:2: 693 daAuts
     D:7: 161 daAuts
     D:4: 108 daAuts
